Map: Orbital Shipyard

Players

david

  • Race: Terran Terran
  • League: Bronze

MikeKZ - Winner!

  • Race: Terran Terran
  • League: Bronze

VOD

Have the link to the VOD?

Description

http://lotv.spawningtool.com/build/7448/

Time

  • Played on: Feb. 14, 2016, 6:09 a.m.
  • Length: 10:46
Show
View Real Time Build Order
Export as new Build Order

david Terran 

Build Orders:  

Get SALT Encoding   

  12  0:02  SCV  
  13  0:20  Supply Depot  
  13  0:21  SCV  
  14  0:41  Refinery  
  14  0:47  Barracks  
  14  0:54  SCV  
  15  1:06  SCV  
  16  1:40  Refinery  
  16  1:43  Barracks Tech Lab  
  16  1:53  SCV  
  17  2:04  Marauder  
  17  2:05  SCV  
  20  2:21  SCV  
  21  2:25  Marauder  
  23  2:47  Command Center  
  23  3:02  Supply Depot  
  23  3:23  Marauder  
  23  3:25  Supply Depot  
  25  3:45  Marauder  
  27  3:49  Supply Depot  
  27  4:00  SCV  
  28  4:06  Marauder  
  30  4:13  SCV  
  31  4:20  Refinery  
  31  4:25  SCV  
  31  4:28  Marauder  
  34  4:37  SCV  
  35  4:39  Engineering Bay  
  35  4:43  SCV  
  36  4:49  Marauder, SCV  
  39  5:01  SCV  
  39  5:06  Factory  
  40  5:10  Marauder  
  40  5:13  SCV  
  39  5:23  Missile Turret  
  37  5:32  Marauder  
  35  5:53  Marauder  
  35  6:06  Factory  
  33  6:14  Marauder  
  25  6:36  Marauder  
  27  6:57  Reaper  
  27  7:29  Reaper  
Show
View Real Time Build Order
Export as new Build Order

MikeKZ Terran - Winner!

Build Orders: Liberator Opening 

Get SALT Encoding   

  12  0:01  SCV  
  13  0:13  SCV  
  14  0:18  Supply Depot  
  14  0:30  Refinery  
  14  0:31  SCV  
  15  0:48  Barracks  
  15  0:53  Refinery  
  15  0:54  SCV  
  16  1:06  SCV  
  17  1:18  SCV  
  18  1:30  SCV  
  19  1:38  Supply Depot  
  19  1:43  Orbital Command  
  19  1:45  Marine  
  20  1:52  Factory  
  20  2:03  Marine  
  21  2:21  Marine  
  22  2:38  Marine  
  22  2:43  Factory Tech Lab, Starport  
  23  2:51  SCV  
  24  2:56  Marine  
  25  2:58  Supply Depot  
  25  3:05  Siege Tank  
  28  3:07  Liberator  
  28  3:14  Marine  
  29  3:21  Supply Depot  
  32  3:32  Marine  
  33  3:49  Siege Tank  
  36  4:03  Marine  
  37  4:21  Marine  
  37  4:23  Siege Tank  
  41  4:39  Marine  
  42  4:55  Siege Tank  
  42  4:57  Marine  
  46  5:15  Marine  
  46  5:32  Marine  
  44  5:50  Marine  
  45  6:08  Marine  
  46  6:26  Marine  
Tags
 
Add a new tag
Caveats
  • Supply blocks, unpowered buildings, or Contaminate may cause inaccurate times.
  • Supply counts are checked every 10 seconds.